 Dungeon Crawl Stone Soup version 0.31.0-11-ge490571c62 (webtiles) character file.

Game seed: 2312509738458829268

10 browni3141 the Conjurer (level 2, 19/19 HPs)
             Began as a Demonspawn Conjurer on Jan 30, 2024.
             Got out of the dungeon alive.
             The game lasted 00:00:15 (425 turns).

browni3141 the Conjurer (Demonspawn Conjurer)        Turns: 425, Time: 00:00:16

Health: 19/19      AC:  2    Str:  7    XL:     2   Next: 10%
Magic:  5/5        EV: 12    Int: 18    God:
Gold:   38         SH:  0    Dex: 11    Spells: 4/5 levels left

rFire   . . .        (no weapon)
rCold   . . .        (no shield)
rNeg    . . .        a - +0 robe
rPois   .            (no helmet)
rElec   .            (no cloak)
rCorr   .            (no gloves)
SInv    .            (no boots)
Will    .....        (no amulet)
Stlth   ++           (no ring)
HPRegen 0.23/turn    (no ring)
MPRegen 0.09/turn

%: no passive effects
@: no status effects
A: spiny 1
a: no special abilities


You escaped.
You visited 1 branch of the dungeon, and saw 1 of its levels.

You collected 38 gold pieces.

Inventory:

Armour
 a - a +0 robe (worn)
Scrolls
 c - 2 scrolls of amnesia {unknown}
 d - a scroll of identify {unknown}
Potions
 b - a potion of magic


   Skills:
 + Level 2.0 Dodging
 + Level 2.0 Stealth
 + Level 2.1 Spellcasting
 + Level 4.1 Conjurations


You had 4 spell levels left.
You knew the following spells:

 Your Spells              Type           Power      Damage    Failure   Level
a - Magic Dart            Conj           64%        1d6       3%          1

Your spell library contained the following spells:

 Spells                   Type           Power      Damage    Failure   Level
 Searing Ray              Conj           32%        2d5       4%          2
 Fulminant Prism          Conj/Alch      4%         3d5       58%         4
 Iskenderun's Mystic Bla  Conj/Tloc      9%         2d4       58%         4


Dungeon Overview and Level Annotations

Branches:
Dungeon (1/15)

Altars:


Innate Abilities, Weirdness & Mutations

You are partially covered in sharp spines.


Message History

A bat and a ball python come into view.
There are monsters nearby!
There are monsters nearby!
The magic dart hits the bat.
The bat is moderately wounded.
The magic dart hits the bat.
You kill the bat!
The magic dart hits the ball python.
You kill the ball python!
You are out of magic!
Magic restored.
A goblin and a rat come into view.
There are monsters nearby!
There are monsters nearby!
The magic dart hits the rat.
You kill the rat!
The magic dart hits the goblin.
You kill the goblin!
You can't see any susceptible monsters within range! (Use Z to cast anyway.)
A goblin comes into view. It is wielding a +0 dagger.
A goblin is nearby!
A goblin is nearby!
The magic dart hits the goblin.
You kill the goblin!
You can't see any susceptible monsters within range! (Use Z to cast anyway.)
You can't see any susceptible monsters within range! (Use Z to cast anyway.)
c - a scroll labelled ESAC PUTAU You see here a +0 dagger.
Things that are here:
a +0 dagger; a goblin corpse
Found a stone staircase leading down.
c - 2 scrolls labelled ESAC PUTAU (gained 1)
A frilled lizard comes into view.
A frilled lizard is nearby!
The magic dart hits the frilled lizard.
You kill the frilled lizard!
You can't see any susceptible monsters within range! (Use Z to cast anyway.)
There is a stone staircase leading down here.
Things that are here:
a +0 dagger; a goblin corpse A bat comes into view.
A bat is nearby!
A bat is nearby!
The magic dart hits the bat.
You kill the bat!
Your Dodging skill increases to level 2!
Your Stealth skill increases to level 2!
You can't see any susceptible monsters within range! (Use Z to cast anyway.)
You see here a bat corpse.
You now have 12 gold pieces.
A goblin comes into view. It is wielding a +0 dagger.
A goblin is nearby!
The magic dart hits the goblin.
You kill the goblin!
You can't see any susceptible monsters within range! (Use Z to cast anyway.)
d - a scroll labelled JEYDOPNOMETH
Found a stone staircase leading down.
You can't see any susceptible monsters within range! (Use Z to cast anyway.)
You can't see any susceptible monsters within range! (Use Z to cast anyway.)
You see here a +0 hand axe.
You now have 25 gold pieces (gained 13).
You now have 38 gold pieces (gained 13).
An endoplasm comes into view.
An endoplasm is nearby!
The magic dart hits the endoplasm but does no damage.
The endoplasm quivers.
The magic dart hits the endoplasm.
The endoplasm is lightly wounded.
A bat comes into view.
The magic dart hits the endoplasm.
You kill the endoplasm!
You have reached level 2!
Your demonic ancestry asserts itself...
Sharp spines emerge from parts of your body.
You are out of magic!
You closely miss the bat. The bat closely misses you.
You miss the bat. The bat hits you.
Found a stone staircase leading down.
The bat hits you but does no damage. The bat is struck by your spines.
The bat closely misses you. The bat is struck by your spines.
You kill the bat!
No target in view!
No target in view!
No target in view!
No target in view!
No target in view!
No target in view!
No target in view!
No target in view!
No target in view!
No target in view!
No target in view!
No target in view!
No target in view!
No target in view!
You see here a bat corpse.
You open the door.
There is an open door here.
There is a staircase leading out of the dungeon here.
You have escaped!

#....###..........###.#.#########
#.######..........###.#.# #.#
#..................# ######
#.######.#.###########.## ......
#.....##.#.# #.####......
#####.##.#.# ### #....#......
#.##.#.### #.# ##.........).
#....#...###.####...#........
#........+..@..'..#..........
#.##########.########........ #.#
#..)..........##........ #.#
####.#####.####..#...... #[#
##.#####.## #.##...... #.#
#.........# #.##...#.. #.#
######.#######.....## . #.#
+...........'..##..... #..
######.######### .###.


There were no monsters in sight!

Vanquished Creatures
  A ball python (D:1)
  An endoplasm (D:1)
  3 goblins (D:1)
  3 bats (D:1)
  A frilled lizard (D:1)
  A rat (D:1)
10 creatures vanquished.

Notes
Turn   | Place    | Note
-------+----------+-------------------------------------------
     0 | D:1      | browni3141 the Demonspawn Conjurer began the quest for the
                  | Orb.
     0 | D:1      | Reached XP level 1. HP: 13/13 MP: 3/3
   358 | D:1      | Gained mutation: You are partially covered in sharp spines.
                  | [demonic ancestry]
   358 | D:1      | Reached XP level 2. HP: 19/19 MP: 0/5
   425 | D:$      | Got out of the dungeon alive.

Illustrated notes

Levels and vault maps discovered:
D:1:      shiori_shiawase, layout_basic

Skill      XL: |  1 |
---------------+----+-----
Dodging        | 2 |  2.0
Stealth        | 2 |  2.0
Spellcasting   | |  2.1
Conjurations   | |  4.1

Action                     || total
---------------------------++-------
  Melee: Unarmed           ||     2
   Cast: Magic Dart        ||    12
 Armour: Robe              ||     2
  Dodge: Dodged            ||     2
